Map: [ESL] Oceanborn

Players

Kelazhur - Winner!

  • Race: Terran Terran
  • Spawn Location: 5:00

SKillous

  • Race: Protoss Protoss
  • League: Grandmaster
  • Spawn Location: 11:00

Event: IEM Katowice 2024

VOD

Have the link to the VOD?

Description

Time

  • Played on: Dec. 8, 2023, 4:21 p.m.
  • Length: 12:40

All games in this series

Show
View Real Time Build Order
Export as new Build Order

Kelazhur Terran - Winner!

Build Orders: Cyclone Opening, Gas First Reaper Expand 

Get SALT Encoding   

  12  0:00  SCV  
  13  0:12  SCV  
  14  0:16  Supply Depot  
  14  0:24  SCV  
  15  0:31  Refinery  
  15  0:38  SCV  
  16  0:45  Barracks  
  16  0:50  SCV  
  17  1:02  SCV  
  18  1:08  Engineering Bay  
  18  1:14  SCV  
  19  1:33  Orbital Command  
  19  1:35  Reaper  
  20  1:51  Command Center  
  20  2:00  SCV  
  21  2:05  Factory  
  21  2:09  Barracks Reactor  
  21  2:12  SCV  
  22  2:17  Supply Depot  
  22  2:24  SCV  
  22  2:29  Barracks  
  23  2:39  SCV  
  24  2:45  Refinery  
  24  2:48  Cyclone  
  24  2:49  Marine  
  24  2:51  SCV, Marine  
  29  3:03  SCV  
  29  3:04  Orbital Command  
  30  3:08  Marine x2  
  32  3:17  Barracks Tech Lab  
  32  3:19  SCV  
  32  3:21  Cyclone  
  32  3:26  Marine x2  
  32  3:27  Orbital Command  
  36  3:37  Stimpack, Marauder  
  36  3:40  SCV  
  39  3:45  Supply Depot  
  39  3:46  Marine x2  
  41  3:52  Engineering Bay  
  41  3:54  Factory Tech Lab  
  41  3:55  SCV  
  42  3:59  SCV  
  41  4:03  Marauder  
  41  4:04  Marine x2  
  41  4:08  SCV  
  46  4:11  SCV  
  46  4:14  Siege Tank  
  50  4:17  Supply Depot  
  50  4:20  SCV  
  50  4:24  Marine x2  
  53  4:33  Supply Depot, SCV  
  54  4:39  Marauder, SCV  
  54  4:45  SCV  
  56  4:46  Siege Tank  
  58  4:53  Marine  
  58  4:54  Terran Infantry Weapons Level 1, Marine  
  58  4:57  Supply Depot, SCV x2  
  62  5:03  Marauder  
  64  5:08  Supply Depot  
  64  5:09  SCV  
  64  5:10  SCV  
  66  5:16  Marine x2  
  69  5:21  SCV  
  69  5:22  SCV  
  69  5:28  Siege Tank  
  73  5:31  Supply Depot  
  73  5:32  Refinery  
  73  5:33  SCV  
  73  5:35  Marine x3, SCV  
  76  5:37  Missile Turret  
  77  5:54  Marauder  
  79  5:57  Marine x2  
  79  6:00  Siege Tank  
  83  6:04  SCV x2  
  83  6:06  Barracks  
  83  6:08  Command Center  
  85  6:14  Combat Shield  
  85  6:16  SCV  
  86  6:20  Refinery  
  86  6:22  SCV  
  86  6:23  Supply Depot  
  86  6:24  Marine  
  86  6:25  Marauder, Marine  
  91  6:29  SCV  
  89  6:40  SCV, Starport  
  89  6:41  SCV  
  89  6:43  Marine x2  
  89  6:46  Factory Reactor  
  89  6:47  Marauder  
  95  6:52  SCV  
  96  6:59  Barracks  
  96  7:02  Supply Depot, SCV  
  96  7:03  Barracks, Terran Infantry Armor Level 1  
  96  7:04  SCV  
  96  7:06  Marine  
  96  7:07  Marine  
  96  7:08  Marauder  
  102  7:13  Supply Depot  
  102  7:19  SCV x2  
  102  7:20  Supply Depot, Marauder  
  106  7:26  Marine x2  
  106  7:28  Orbital Command  
  108  7:33  Factory Reactor, Marauder  
  108  7:35  Medivac x2  
  114  7:39  SCV x2  
  114  7:43  Marauder  
  118  7:44  Supply Depot  
  118  7:45  Orbital Command  
  119  7:51  SCV  
  119  7:53  Barracks Reactor, Barracks Tech Lab, Missile Turret  
  119  7:54  Marauder  
  119  7:57  SCV  
  122  8:03  SCV  
  122  8:05  Marine x2, Marauder, Medivac x2  
  130  8:11  SCV  
  131  8:13  SCV  
  131  8:15  SCV  
  131  8:16  Marauder, Supply Depot  
  131  8:18  Widow Mine  
  136  8:23  SCV  
  136  8:24  Marauder  
  136  8:26  Widow Mine  
  141  8:34  Supply Depot, Marauder, Marine x4  
  144  8:36  Supply Depot  
  144  8:37  Medivac x2  
  144  8:41  SCV x2, Supply Depot  
  151  8:43  Marauder  
  155  8:49  Armory  
  155  8:51  Supply Depot  
  155  8:55  Marauder  
  157  8:56  Marine  
  157  9:02  Marauder, Marine x3  
  163  9:04  Marine  
  163  9:06  Supply Depot  
  163  9:07  SCV x3  
  163  9:09  Refinery  
  166  9:10  Refinery  
  166  9:14  Marine, Ghost Academy  
  167  9:20  Marine, Concussive Shells  
  167  9:21  Marauder  
  170  9:26  Marauder, Marine x2  
  173  9:32  Marauder, Marine  
  173  9:38  Marine  
  176  9:39  Viking x2  
  176  9:42  Marauder  
  176  9:44  Marine x2  
  185  9:48  Marauder  
  185  9:49  Widow Mine x2  
  185  9:50  Terran Infantry Weapons Level 2  
  191  9:53  Marauder  
  193  10:05  Marauder  
  194  10:09  Viking  
  196  10:19  Marine  
  197  10:25  Marauder  
  197  10:31  Marine  
  197  10:32  Widow Mine  
  197  10:34  Viking, Marauder, Marine x3  
  196  10:39  Viking  
  196  10:41  Marine  
  195  10:46  Marauder  
  195  10:49  Marine  
  191  10:52  Marauder  
  191  10:54  Marine  
  191  10:56  Marauder  
  173  11:04  Viking, Marine  
  169  11:06  Marine  
  169  11:08  Marauder  
  169  11:09  Viking  
  169  11:10  Marine  
  171  11:12  Marine  
  171  11:13  Marauder  
  171  11:14  Barracks, Command Center  
  171  11:16  Barracks x2  
  171  11:17  Marauder  
  174  11:21  Widow Mine x2  
  174  11:24  Marine  
  179  11:28  Ghost  
  179  11:32  SCV x2  
  183  11:34  Medivac  
  183  11:39  Medivac  
  186  11:46  Ghost x2  
  186  11:47  Marine x3  
  184  11:55  Widow Mine x2  
  184  11:57  Ghost  
  188  12:04  Medivac  
  188  12:05  Marine x2  
  190  12:09  Medivac  
  190  12:15  Marauder x2, Marine x2  
  190  12:17  Widow Mine x2, Marine x2  
Show
View Real Time Build Order
Export as new Build Order

SKillous Protoss 

Build Orders: 1 Gate Expand, Blink Stalkers, Colossus Rush 

Get SALT Encoding   

  12  0:00  Probe  
  13  0:12  Probe  
  14  0:17  Pylon  
  14  0:24  Probe (Chrono Boost)  
  15  0:35  Gateway  
  15  0:36  Probe (Chrono Boost)  
  15  0:42  Assimilator  
  16  0:46  Probe (Chrono Boost)  
  17  0:52  Probe  
  18  1:04  Probe  
  19  1:16  Probe  
  20  1:25  Cybernetics Core  
  21  1:38  Nexus  
  20  1:48  Pylon  
  20  1:50  Probe  
  21  1:55  Assimilator  
  21  2:00  Adept (Chrono Boost)  
  21  2:07  Probe  
  24  2:13  Warp Gate  
  24  2:19  Probe (Chrono Boost)  
  25  2:23  Adept  
  28  2:31  Probe (Chrono Boost)  
  28  2:35  Twilight Council  
  28  2:37  Probe (Chrono Boost)  
  30  2:51  Probe x2 (Chrono Boost)  
  30  2:57  Stalker  
  33  3:02  Probe (Chrono Boost)  
  33  3:03  Probe (Chrono Boost)  
  33  3:05  Blink (Chrono Boost)  
  34  3:11  Probe  
  35  3:16  Probe  
  36  3:24  Probe  
  37  3:28  Probe  
  37  3:30  Gateway  
  38  3:36  Probe  
  38  3:38  Robotics Facility  
  38  3:41  Probe  
  40  3:48  Probe  
  41  3:53  Probe  
  42  4:00  Probe  
  41  4:05  Stalker, Probe  
  41  4:07  Nexus  
  44  4:12  Probe, Pylon  
  43  4:17  Probe  
  44  4:24  Probe  
  44  4:25  Assimilator  
  44  4:30  Probe  
  44  4:31  Stalker x2  
  50  4:32  Observer  
  49  4:40  Probe  
  49  4:43  Probe  
  49  4:44  Assimilator  
  51  4:48  Robotics Bay  
  51  4:51  Pylon  
  51  4:52  Probe  
  52  4:55  Probe  
  51  5:04  Probe  
  51  5:06  Immortal (Chrono Boost)  
  52  5:11  Probe (Chrono Boost)  
  52  5:12  Sentry  
  59  5:14  Stalker  
  59  5:19  Probe (Chrono Boost)  
  59  5:20  Probe (Chrono Boost)  
  62  5:32  Shield Battery  
  62  5:33  Shield Battery  
  62  5:35  Colossus (Chrono Boost)  
  61  5:37  Gateway  
  61  5:42  Stalker x2  
  71  5:49  Shield Battery  
  71  5:50  Probe  
  71  5:55  Pylon  
  72  6:03  Observer, Probe x2  
  74  6:06  Pylon  
  74  6:07  Pylon, Charge  
  74  6:08  Pylon  
  73  6:18  Pylon  
  73  6:24  Colossus (Chrono Boost)  
  73  6:27  Probe  
  73  6:29  Probe  
  81  6:37  Dark Shrine  
  81  6:39  Nexus, Probe  
  82  6:40  Extended Thermal Lance  
  82  6:44  Pylon  
  82  6:46  Probe  
  83  6:52  Probe  
  83  6:53  Sentry, Stalker  
  87  6:55  Pylon  
  87  6:58  Probe  
  88  7:02  Zealot  
  88  7:06  Shield Battery  
  88  7:07  Probe  
  91  7:09  Observer (Chrono Boost)  
  92  7:16  Probe  
  92  7:19  Gateway  
  92  7:22  Probe  
  94  7:24  Forge  
  94  7:28  Warp Prism (Chrono Boost), Probe  
  94  7:34  Probe  
  94  7:35  Stalker  
  99  7:41  Zealot x2, Probe  
  104  7:45  Gateway  
  104  7:48  Probe  
  105  7:53  Probe  
  105  7:58  Disruptor (Chrono Boost)  
  107  8:00  Probe  
  107  8:02  Protoss Ground Weapons Level 1 (Chrono Boost)  
  107  8:04  Robotics Facility, Stalker x2  
  115  8:15  Stalker x2  
  119  8:20  Nexus  
  119  8:25  Pylon  
  119  8:29  Stalker x2  
  119  8:32  Pylon  
  123  8:39  Probe  
  124  8:42  Disruptor (Chrono Boost)  
  124  8:45  Gateway x2  
  124  8:47  Stalker x2  
  132  8:51  Photon Cannon  
  132  8:53  Disruptor (Chrono Boost)  
  132  8:55  Probe  
  138  8:58  Shield Battery  
  137  9:05  Zealot x2  
  137  9:09  Pylon  
  141  9:13  Pylon  
  141  9:25  Probe  
  141  9:29  Zealot x4, Disruptor (Chrono Boost)  
  146  9:35  Probe  
  146  9:37  Probe  
  146  9:38  Warp Prism (Chrono Boost)  
  152  9:45  Protoss Ground Weapons Level 2 (Chrono Boost)  
  152  9:49  Zealot x5  
  152  9:50  Zealot x2  
  158  9:55  Disruptor (Chrono Boost)  
  162  10:11  Pylon  
  162  10:13  Zealot  
  162  10:14  Zealot x4, Gateway x2  
  172  10:16  Shield Battery  
  168  10:23  Zealot x2  
  170  10:29  Observer (Chrono Boost)  
  161  10:38  Zealot  
  161  10:39  Probe  
  161  10:41  Disruptor (Chrono Boost)  
  160  10:45  Probe  
  152  10:52  Zealot x5  
  152  10:56  Probe  
  137  11:11  Forge  
  137  11:15  Zealot x2, Stalker x4  
  137  11:16  Observer, Zealot x2  
  154  11:22  Pylon  
  154  11:30  Observer  
  140  11:40  Zealot x7  
  138  11:59  Probe  
  127  12:11  Stalker x7  
  109  12:16  Probe  
  109  12:17  Probe  
  83  12:34  Zealot x7  

Tags
 
Add a new tag
Caveats
  • Supply blocks, unpowered buildings, or Contaminate may cause inaccurate times.
  • Supply counts are checked every 10 seconds.